AoeStats
← haris.hadziabdic

Hideout

508176604Analyzed
1v1 RM · 11d ago on Sep 21, 2026· 116m 4s· 2 players
Game mode
Random Map
Map size
Tiny (2 player)
Population
200
Speed
Normal
Resources
Standard
Victory
Conquest
Starting age
Dark Age
Ending age
Imperial Age
RankedLock teamsTeams togetherTeam positionsShared explorationLock speedFull tech treeHidden civsTurbo modeCheats
Victory
Defeat
🇺🇸 Teutons · United States
657
+14
🇪🇸 Franks · Spain
609
-14
tito herbito
10:45 Feudal Age
12:08 Double-Bit Axe
23:33 Castle Age
26:01 Man-at-Arms
30:05 Wheelbarrow
33:57 Forging
36:04 Iron Casting
35:34 Scale Barding Armor
35:28 Pikeman
37:35 Gold Mining
39:39 Chain Barding Armor
41:59 Imperial Age
39:55 Stone Mining
40:29 Hand Cart
41:08 Scale Mail Armor
40:53 Light Cavalry
43:44 Chemistry
42:42 Murder Holes
43:31 Conscription
42:44 Halberdier
43:29 Cavalier
52:24 Paladin
53:04 Husbandry
53:59 Gold Shaft Mining
92:22 Bow Saw
92:44 Chain Mail Armor
93:29 Blast Furnace
93:05 Plate Barding Armor
92:31 Padded Archer Armor
92:21 Fletching
96:32 Fortified Wall
96:43 Ballistics
99:16 Squires
99:02 Gambesons
99:44 Elite Skirmisher
101:38 Loom
101:39 Town Watch
106:58 Chivalry
107:27 Conscription
haris.hadziabdic
5:35 Loom
10:57 Feudal Age
15:17 Castle Age
14:01 Double-Bit Axe
13:57 Horse Collar
14:14 Gold Mining
23:24 Bow Saw
28:25 Wheelbarrow
31:11 Fervor
32:07 Sanctity
32:38 Scale Barding Armor
33:49 Bloodlines
37:54 Fletching
38:15 Forging
39:59 Scale Mail Armor
40:34 Iron Casting
40:20 Guard Tower
40:51 Ballistics
43:24 Imperial Age
41:32 Horse Collar
42:09 Chain Mail Armor
41:50 Bodkin Arrow
42:18 Chain Barding Armor
45:08 Chemistry
44:21 Masonry
43:49 Cavalier
47:37 Squires
47:23 Arson
48:47 Conscription
48:59 Plate Mail Armor
48:25 Bodkin Arrow
50:13 Blast Furnace
49:13 Bodkin Arrow
49:52 Hand Cart
51:23 Town Watch
53:54 Elite Teutonic Knight
55:11 Hoardings
55:01 Crenellations
55:07 Ironclad
54:18 Sappers
55:25 Plate Barding Armor
59:20 Town Patrol
59:54 Arrowslits
60:24 Fortified Wall
60:56 Keep
62:00 Pikeman
63:06 Bombard Tower
62:52 Siege Engineers
69:02 Two-Man Saw
68:04 Heavy Plow
68:06 Padded Archer Armor
67:30 Halberdier
69:44 Guilds
74:54 Fortified Wall
98:34 Leather Archer Armor
98:08 Gambesons
97:43 Man-at-Arms
106:30 Capped Ram
Connection lost

Rejoining the realm…

Still unreachable

The connection could not be restored.

Session expired

The server has moved on; the page needs a fresh start.